 Dungeon Crawl Stone Soup version 0.31-a0-355-g57cb03d3e8 (webtiles) character file.

Game seed: 1841458636469899396

88 cforsyth the Charlatan (level 4, 0/34 HPs)
             Began as a Gnoll Artificer on July 24, 2023.
             Succumbed to an orc priest's poison
             ... on level 3 of the Dungeon.
             The game lasted 00:02:08 (1890 turns).

cforsyth the Charlatan (Gnoll Artificer)            Turns: 1890, Time: 00:02:08

Health: 0/34       AC:  9    Str: 11    XL:     4   Next: 53%
Magic:  5/5        EV:  6    Int: 13    God:
Gold:   60         SH:  0    Dex: 12    Spells: 5/5 levels left

rFire   . . .        a - +0 club
rCold   . . .        (no shield)
rNeg    . . .        f - +0 chain mail
rPois   .            (no helmet)
rElec   .            (no cloak)
rCorr   .            (no gloves)
SInv    .            (no boots)
Will    .....        (no amulet) Stlth
                     (no ring)
HPRegen 0.25/turn    (no ring)
MPRegen 0.09/turn

%: no passive effects
@: lethally poisoned (0 -> -13)
A: fangs 1, strong nose, distributed training
a: no special abilities


You were on level 3 of the Dungeon.
You visited 1 branch of the dungeon, and saw 3 of its levels.

You collected 60 gold pieces.

Inventory:

Hand Weapons
 a - a +0 club (weapon)
Missiles
 h - 6 poisoned darts
Armour
 b - a +0 leather armour
 f - a +0 chain mail (worn)
Jewellery
 m - a ring of protection from cold
Wands
 c - a wand of flame (11) (quivered)
 d - a wand of charming (15)
 e - a wand of iceblast (5)
Scrolls
 g - a scroll of fog {unknown}
 j - 2 scrolls of identify {unknown}
Potions
 i - a potion of haste {unknown}
 k - a potion of berserk rage {unknown}
 l - a potion of mutation {unknown}
 n - a potion of lignification {unknown}
 o - 2 potions of heal wounds {unknown}


   Skills:
 + Level 2.8 Fighting
 + Level 1.2 Short Blades
 + Level 1.2 Long Blades
 + Level 1.2 Axes
 + Level 1.2 Maces & Flails
 + Level 1.2 Polearms
 + Level 1.2 Staves
 + Level 1.2 Ranged Weapons
 + Level 1.2 Throwing
 + Level 4.6 Armour
 + Level 2.8 Dodging
 + Level 2.6 Stealth
 + Level 1.2 Shields
 + Level 1.2 Unarmed Combat
 + Level 1.2 Spellcasting
 + Level 1.0 Conjurations
 + Level 1.0 Hexes
 + Level 1.0 Summonings
 + Level 1.0 Necromancy
 + Level 1.0 Translocations
 + Level 1.0 Transmutations
 + Level 1.0 Fire Magic
 + Level 1.0 Ice Magic
 + Level 1.0 Air Magic
 + Level 1.0 Earth Magic
 + Level 1.0 Poison Magic
 + Level 1.3 Invocations
 + Level 6.6 Evocations
 + Level 1.0 Shapeshifting


You had 5 spell levels left.
You didn't know any spells.
Your spell library was empty.

Dungeon Overview and Level Annotations

Branches:
Dungeon (3/15)

Altars:
Qazlal

Shops:
D:1 (


Innate Abilities, Weirdness & Mutations

You have very sharp teeth.
Your uncanny sense of smell can sniff out nearby items.
Your experience applies equally to all skills.


Message History

Press: ? - help, Shift-Dir - straight line, f - orc priest
Aim: an orc priest, wielding a +2 dagger of venom (74% to hit)
The puff of flame hits the orc priest.
The orc priest is moderately wounded.
The bat barely misses you. The bat hits you but does no damage.
Aiming: Throw Flame
Press: ? - help, Shift-Dir - straight line, f/p - orc priest
Aim: an orc priest, wielding a +2 dagger of venom (moderately wounded, 74% to hit)
The puff of flame hits the orc priest.
The orc priest is heavily wounded.
The bat hits you but does no damage. The bat barely misses you.
You are too injured to fight recklessly!
Aiming: Throw Flame
Press: ? - help, Shift-Dir - straight line, f/p - orc priest
Aim: an orc priest, wielding a +2 dagger of venom (heavily wounded, 74% to hit)
The puff of flame misses the orc priest.
The bat barely misses you.
You hit the orc priest but do no damage.
The orc priest is heavily wounded.
The bat hits you but does no damage. The orc priest barely misses you.
You hit the orc priest but do no damage.
Your bite misses the orc priest.
The orc priest is heavily wounded.
The bat closely misses you. The bat hits you but does no damage.
The orc priest mumbles some strange prayers to Beogh against you.
You barely resist. You closely miss the orc priest.
The orc priest is heavily wounded.
The bat hits you but does no damage.
The orc priest mumbles some strange prayers to Beogh against you.
Beogh smites you!
* * * LOW HITPOINT WARNING * * *
The bat hits you but does no damage.
The orc priest hits you with a +2 dagger of venom.
* * * LOW HITPOINT WARNING * * *
You are lethally poisoned!
You hit the orc priest but do no damage.
You bite the orc priest.
The orc priest is heavily wounded.
You die...

#.............
#.............
#........(..(.
.#.#
#.............
.#.#.
###.............
....
................
..#
#.....b.......
..#
#....o@.......
..#
.'........$....
..#
##.............
..#
#....####.####
..# ###..####.#
..... #.......#
..### #.#>.####
.... #.#.##
..### #.#.#


You could see an orc priest and a bat.

Vanquished Creatures
  An orc priest (D:3)
  An adder (D:3)
  A worm (D:2)
  7 orcs (D:3)
  A ball python (D:2)
  3 bats
  2 endoplasms
  A giant cockroach (D:3)
  9 goblins
  2 hobgoblins
  2 quokkas (D:1)
  A frilled lizard (D:1)
  3 kobolds
  2 rats (D:1)
36 creatures vanquished.

Notes
Turn   | Place    | Note
-------+----------+-------------------------------------------
     0 | D:1      | cforsyth the Gnoll Artificer began the quest for the Orb.
     0 | D:1      | Reached XP level 1. HP: 17/17 MP: 1/1
   108 | D:1      | Found a faded altar of an unknown god.
   154 | D:1      | Reached XP level 2. HP: 23/23 MP: 2/2
   208 | D:1      | You fall into a shaft and drop 1 floor!
   223 | D:2      | Found a stormy altar of Qazlal.
   493 | D:1      | Found Fiucvire's Weapon Boutique.
   894 | D:2      | Reached XP level 3. HP: 21/28 MP: 3/3
  1415 | D:3      | Reached skill level 1 in Invocations
  1586 | D:3      | Reached skill level 1 in Short Blades
  1586 | D:3      | Reached skill level 1 in Long Blades
  1586 | D:3      | Reached skill level 1 in Axes
  1586 | D:3      | Reached skill level 1 in Maces & Flails
  1586 | D:3      | Reached skill level 1 in Polearms
  1586 | D:3      | Reached skill level 1 in Staves
  1586 | D:3      | Reached skill level 1 in Ranged Weapons
  1586 | D:3      | Reached skill level 1 in Throwing
  1586 | D:3      | Reached skill level 1 in Shields
  1586 | D:3      | Reached skill level 1 in Unarmed Combat
  1586 | D:3      | Reached skill level 1 in Spellcasting
  1586 | D:3      | Reached XP level 4. HP: 6/34 MP: 5/5
  1884 | D:3      | Reached skill level 1 in Conjurations
  1884 | D:3      | Reached skill level 1 in Hexes
  1884 | D:3      | Reached skill level 1 in Summonings
  1884 | D:3      | Reached skill level 1 in Necromancy
  1884 | D:3      | Reached skill level 1 in Translocations
  1884 | D:3      | Reached skill level 1 in Transmutations
  1884 | D:3      | Reached skill level 1 in Fire Magic
  1884 | D:3      | Reached skill level 1 in Ice Magic
  1884 | D:3      | Reached skill level 1 in Air Magic
  1884 | D:3      | Reached skill level 1 in Earth Magic
  1884 | D:3      | Reached skill level 1 in Poison Magic
  1884 | D:3      | Reached skill level 1 in Shapeshifting
  1890 | D:3      | Succumbed to an orc priest's poison

Illustrated notes

Levels and vault maps discovered:
D:1:      dpeg_arrival_prison, layout_rooms, serial_shops, shop,
          shapermc_ecumenical_altar_mp_ritualfount, minmay_misc_feat_room
D:2:      layout_loops_ring, basic_altar, minmay_misc_feat_tower
D:3:      kennysheep_goblin_castle, layout_basic, serial_shops, shop

Skill      XL: |  1  2  3  4 |
---------------+-------------+-----
Invocations    | 1 |  1.3
Short Blades   | 1 |  1.2
Long Blades    | 1 |  1.2
Axes           | 1 |  1.2
Maces & Flails | 1 |  1.2
Polearms       | 1 |  1.2
Staves         | 1 |  1.2
Ranged Weapons | 1 |  1.2
Throwing       | 1 |  1.2
Shields        | 1 |  1.2
Unarmed Combat | 1 |  1.2
Spellcasting   | 1 |  1.2
Conjurations   | 1 |  1.0
Hexes          | 1 |  1.0
Summonings     | 1 |  1.0
Necromancy     | 1 |  1.0
Translocations | 1 |  1.0
Transmutations | 1 |  1.0
Fire Magic     | 1 |  1.0
Ice Magic      | 1 |  1.0
Air Magic      | 1 |  1.0
Earth Magic    | 1 |  1.0
Poison Magic   | 1 |  1.0
Shapeshifting  | 1 |  1.0
Fighting       | |  2.8
Armour         | |  4.6
Dodging        | |  2.8
Stealth        | |  2.6
Evocations     | |  6.6

Action                     |  1- 3 |  4- 6 || total
---------------------------+-------+-------++-------
  Melee: Club              |   131 |    50 ||   181
         Bite              |    14 |     4 ||    18
         Punch             |     2 |     1 ||     3
  Evoke: Wand              |     1 |     3 ||     4
 Armour: Leather armour    |     7 |       ||     7
         Chain mail        |    72 |    61 ||   133
  Dodge: Dodged            |    40 |    32 ||    72

Table legend: (Time is in decaauts)
 A = Elapsed time spent in this place.
 B = Non-inter-level travel time spent in this place.
 C = Inter-level travel time spent in this place.
 D = Time resting spent in this place.
 E = Time spent auto-exploring this place.
 F = Levels seen in this place.
 G = Mean time per level.
                   A        B        C        D        E       F      G
               +--------+--------+--------+--------+--------+-----+--------+
         Total |   1937 |   1874 |     63 |     28 |   1446 |   3 |  645.7 |
       Dungeon |   1937 |   1874 |     63 |     28 |   1446 |   3 |  645.7 |
               +--------+--------+--------+--------+--------+-----+--------+

Top non-repeatable levels by time:
     D:2: 811 daAuts
     D:1: 575 daAuts
     D:3: 549 daAuts
